 Dungeon Crawl Stone Soup version 0.31-a0-538-gbc85326fa9 (webtiles) character file.

Game seed: 13916222668825085788

11 LeprechaunX the Ruffian (level 2, -1/12 HPs)
             Began as an Octopode Shapeshifter on Aug 14, 2023.
             Slain by a jackal (3 damage)
             ... on level 1 of the Dungeon.
             The game lasted 00:00:21 (152 turns).

LeprechaunX the Ruffian (Octopode Shapeshifter)      Turns: 152, Time: 00:00:21

Health: -1/12      AC:  1    Str: 14    XL:     2   Next: 25%
Magic:  2/2        EV: 13    Int: 10    God:
Gold:   3          SH:  0    Dex: 12    Spells: 1/1 levels left

rFire   . .          .
                       - Unarmed
rCold   . . .        (shield currently unavailable)
rNeg    . . .        (helmet restricted)
rPois   .            (no amulet)
rElec   .            (no ring)
rCorr   .            (no ring)
SInv    .            (no ring)
Will    .....        (no ring)
Stlth   +            (no ring)
HPRegen 0.22/turn    (no ring)
MPRegen 0.08/turn    (no ring)
                     (no ring)

%: no passive effects
@: flux-form, glowing
A: glow, contaminating, reduced hp, almost no armour, amphibious, 8 rings,
camouflage 1, gelatinous body 1, (nimble swimmer 1), tentacles
a: Begin Untransformation


You were on level 1 of the Dungeon.
You were something dangerously unstable.
You visited 1 branch of the dungeon, and saw 1 of its levels.

You collected 3 gold pieces.

Inventory:

Talismans
 b - a beast talisman
 c - a flux talisman (active)
Scrolls
 d - 3 scrolls of teleportation {unknown}
 e - 2 scrolls of identify {unknown}
Potions
 a - a potion of lignification
 f - a potion of mutation {unknown}


   Skills:
 + Level 1.3 Fighting
 + Level 2.2 Dodging
 + Level 3.1 Unarmed Combat
 + Level 3.1 Shapeshifting


You had one spell level left.
You didn't know any spells.
Your spell library was empty.

Dungeon Overview and Level Annotations

Branches:
Dungeon (1/15)

Altars:


Innate Abilities, Weirdness & Mutations

You are something dangerously unstable.
You glow with magical radiation, making you easy to see and hit.
Foes you strike become dangerously contaminated with magical radiation.
Your maximum health is decreased, since you lack skill for your form.
You are incapable of wielding weapons or throwing items.
You cannot wear most types of armour.
You are amphibious.
You can wear up to eight rings at the same time.
Your skin changes colour to match your surroundings (Stealth+).
Your rubbery body absorbs attacks. (AC +1, EV +1)
((You are camouflaged when in or above water. (Stealth+)))
You have tentacles for arms and can constrict up to eight enemies at once.


Message History

The jackal is moderately wounded.
You constrict the jackal, but do no damage.
The jackal barely misses you. The hobgoblin barely misses you.
The jackal bites you but does no damage.
Unknown command.
You closely miss the hobgoblin. You grab the hobgoblin.
You constrict the jackal. You constrict the hobgoblin.
The hobgoblin completely misses you.
A goblin comes into view. It is wielding a +0 club.
The jackal misses you.
The goblin shouts!
You tentacle-slap the hobgoblin.
The hobgoblin begins to glow.
You squeeze the hobgoblin.
You kill the hobgoblin!
You constrict the jackal. The jackal bites you.
* * * LOW HITPOINT WARNING * * *
A kobold comes into view.
It is wielding a +1 short sword of speed.
The jackal misses you.
The kobold shouts!
You tentacle-slap the jackal but do no damage.
The jackal glows dangerously bright.
The jackal is almost dead.
You constrict the jackal.
You kill the jackal!
A jackal comes into view.
The jackal barks!
A jackal comes into view.
The jackal barely misses you.
You completely miss the jackal.
The jackal barks!
Your grab misses the jackal.
You hear a shout!
The jackal bites you but does no damage.
The kobold throws a stone.
The stone hits you.
* * * LOW HITPOINT WARNING * * *
You barely miss the jackal. Your grab misses the jackal.
You squeeze the jackal.
The jackal is moderately wounded.
The jackal bites you.
You die...

#.... #.... ###Kh..### #
#......h.# ### +.....g..# ..
#........# #.......# ### #
#.......h# #.......# ..# .#
#....).)B# #.......#
..##.##.#........####.......#
.....##.######.)............
...# #....# #............
...+ +....###.....)...#+#
...## #......#.........#.#
....#
#.....######....#.######
###.####†....#
#######.......# #....#.....#
#....##.......#


You could see 3 jackals, a goblin and a kobold.

Vanquished Creatures
  A bat (D:1)
  3 endoplasms (D:1)
  2 hobgoblins (D:1)
  A jackal (D:1)
  2 kobolds (D:1)
9 creatures vanquished.

Notes
Turn   | Place    | Note
-------+----------+-------------------------------------------
     0 | D:1      | LeprechaunX the Octopode Shapeshifter began the quest for
                  | the Orb.
     0 | D:1      | Reached XP level 1. HP: 13/13 MP: 1/1
   132 | D:1      | Reached XP level 2. HP: 17/18 MP: 2/2
   152 | D:1      | Slain by a jackal

Illustrated notes

Levels and vault maps discovered:
D:1:      lightli_arrival_maybe_door_vault, layout_basic, minmay_heptomino_w4

Action                     || total
---------------------------++-------
  Melee: Unarmed           ||    24
         Constrict         ||     5
         Tentacles         ||     3
   Stab: Sleeping          ||     1
 Armour: Skin              ||     6
  Dodge: Dodged            ||    16
   Form: Flux              ||     1

Table legend: (Time is in decaauts)
 A = Elapsed time spent in this place.
 B = Non-inter-level travel time spent in this place.
 C = Inter-level travel time spent in this place.
 D = Time resting spent in this place.
 E = Time spent auto-exploring this place.
 F = Levels seen in this place.
 G = Mean time per level.
                   A        B        C        D        E       F      G
               +--------+--------+--------+--------+--------+-----+--------+
         Total |    150 |    150 |      0 |      0 |     94 |   1 |  150.0 |
       Dungeon |    150 |    150 |      0 |      0 |     94 |   1 |  150.0 |
               +--------+--------+--------+--------+--------+-----+--------+

Top non-repeatable levels by time:
     D:1: 150 daAuts
